 Dungeon Crawl Stone Soup version 0.30-a0-364-gf6b3ef1049 (webtiles) character file.

Game seed: 6305277638323029887

284 freelancePsychic the Sneak (level 6, -2/39 HPs)
             Began as an Octopode Air Elementalist on Nov 15, 2022.
             Was an Initiate of Gozag.
             Slain by a komodo dragon (15 damage)
             ... on level 6 of the Dungeon.
             The game lasted 00:08:12 (5334 turns).

freelancePsychic the Sneak (OpAE)                   Turns: 5334, Time: 00:08:12

Health: -2/39      AC:  2    Str:  7    XL:     6   Next: 29%
Magic:  0/9        EV: 13    Int: 20    God:    Gozag
Gold:   313        SH:  0    Dex: 12    Spells: 5/10 levels left

rFire   . . .      SeeInvis .    c - +1 dagger (speed)
rCold   . . .      Faith    .    (no shield)
rNeg    . . .      Spirit   .    w - +1 hat
rPois   .          Reflect  .    (no amulet)
rElec   .          Harm     .    (no ring)
rCorr   .          Rampage  .    (no ring)
Will    .....                    (no ring)
Stlth   ++++......               (no ring)
HPRegen 0.26/turn                (no ring)
MPRegen 0.11/turn                (no ring)
                                 (no ring)
                                 (no ring)

@: very slightly contaminated
A: almost no armour, amphibious, 8 rings, camouflage 1, gelatinous body 1,
(nimble swimmer 1), tentacles
a: Renounce Religion, Potion Petition, Call Merchant, Bribe Branch


You were on level 6 of the Dungeon.
You worshipped Gozag.
Gozag was aware of your devotion.
You visited 2 branches of the dungeon, and saw 7 of its levels.

You collected 465 gold pieces.
You paid 152 gold pieces to Gozag.

Inventory:

Hand Weapons
 c - a +1 dagger of speed (weapon)
Armour
 g - an orb of guile
 w - a +1 hat (worn)
Wands
 h - a wand of charming (9)
Scrolls
 d - a scroll of poison
 e - 4 scrolls of teleportation {@r4}
 f - a scroll of immolation
 m - a scroll of fear {unknown}
 o - a scroll of vulnerability {unknown}
 p - a scroll of amnesia
 u - a scroll of blinking {unknown}
Potions
 b - 2 potions of heal wounds {unknown}
 i - 2 potions of flight {unknown}
 j - a potion of lignification {unknown}
 k - a potion of mutation {unknown}
 l - 2 potions of brilliance {unknown}
 n - 2 potions of degeneration {unknown}
 q - a potion of attraction {unknown}
 r - 2 potions of ambrosia {unknown}
 t - a potion of resistance {unknown}
 v - a potion of curing {unknown}


   Skills:
 + Level 2.2 Fighting
 - Level 2.0 Dodging
 + Level 5.3 Stealth
 - Level 2.5 Spellcasting
 - Level 1.0 Conjurations
 - Level 3.5 Air Magic
 * Level 4.0 Poison Magic


You had 5 spell levels left.
You knew the following spells:

 Your Spells              Type           Power      Damage    Failure   Level
a - Shock                 Conj/Air       44%        1d5       6%          1
d - Olgreb's Toxic Radia  Pois           18%        N/A       28%         4

Your spell library contained the following spells:

 Spells                   Type           Power      Damage    Failure   Level
 Poisonous Vapours        Pois/Air       34%        N/A       4%          2
 Sting                    Tmut/Pois      40%        1d5       6%          1
 Static Discharge         Conj/Air       22%        2-3/arc   9%          2
 Swiftness                Air            16%        N/A       11%         3
 Airstrike                Air            8%         2d(2-18)  34%         4


Dungeon Overview and Level Annotations

Branches:
Dungeon (6/15)             Temple (1/1) D:6

Altars:
Ashenzari
Cheibriados
Dithmenos
Elyvilon
Fedhas
Gozag
Hepliaklqana
Nemelex Xobeh
Okawaru
Qazlal
Ru
Sif Muna
Trog
Uskayaw
Vehumet
Wu Jian
The Shining One

Annotations:
D:2 exclusion: iguana
D:4 exclusion: ogre
D:5 Dowan


Innate Abilities, Weirdness & Mutations

You cannot wear most types of armour.
You are amphibious.
You can wear up to eight rings at the same time.
Your skin changes colour to match your surroundings (Stealth+).
Your rubbery body absorbs attacks. (AC +1, EV +1)
((You are camouflaged when in or above water. (Stealth+)))
You have tentacles for arms and can constrict up to eight enemies at once.


Message History

You miscast Olgreb's Toxic Radiance.
You are very lightly contaminated with residual magic.
You feel incredibly sick!
You are poisoned.
You feel sick.
Casting: Olgreb's Toxic Radiance (extremely dangerous; 28% risk of failure)
Confirm with . or Enter, or press ? or * to list all spells.
The spell is extremely dangerous to miscast (28% risk of failure)!
Continue anyway?
You begin to radiate toxic energy.
The komodo dragon looks even sicker. x2
You feel sick.
Casting: Olgreb's Toxic Radiance (extremely dangerous; 28% risk of failure)
Confirm with . or Enter, or press ? or * to list all spells.
Aiming: Shock (safe; 6% risk of failure)
Press: ? - help, Shift-Dir - straight line, f - komodo dragon
Aim: a komodo dragon (heavily wounded, very poisoned, 77% to hit)
The zap hits the komodo dragon.
The komodo dragon is heavily wounded.
You feel sick. The komodo dragon bites you!
Casting: Shock (safe; 6% risk of failure)
Confirm with . or Enter, or press ? or * to list all spells.
Aiming: Shock (safe; 6% risk of failure)
Press: ? - help, Shift-Dir - straight line, f/p - komodo dragon
Aim: a komodo dragon (severely wounded, very poisoned, 77% to hit)
The zap hits the komodo dragon.
The komodo dragon is severely wounded.
The komodo dragon looks as sick as possible!
Your toxic aura wanes.
You feel sick. The komodo dragon barely misses you.
Casting: Shock (safe; 6% risk of failure)
Confirm with . or Enter, or press ? or * to list all spells.
You don't have enough magic to cast this spell.
Unknown command.
You hit the komodo dragon but do no damage.
You squeeze the komodo dragon!
The komodo dragon is almost dead.
You feel sick.
You are no longer poisoned.
The komodo dragon bites you!
You die...
Your body crumbles into a pile of gold.

..####...(...#### *,***
*,* ..# #.8.8.8..l.##***
*** ### #..⌠.⌠...#..##
***** #.8.>.8.)##..#
***,,,, *#..⌠.⌠...###.#
**,,,,,, #..8.8.8..###.#
*,,,,,,* #......!..##..#
**,.,**** #.......####l##
*,..** ##.....## #@#
**...* #.....#######
*###...#* #.....#.$..#
###......# #
*,,,,,#....###.......#*
## ******#........l...#**
.# #...S.#...#### .##
#.....#####********** ..#
#......[....,,,,,,,,*
..##
#####....#######*,,,*****


You could see a komodo dragon (extremely poisoned).

Vanquished Creatures
  A howler monkey (D:6)
  2 hounds (D:5)
  A jelly (D:6)
  2 iguanas (D:5)
  An adder (D:6)
  An ufetubus (D:5)
  A worm (D:3)
  2 dart slugs
  6 orcs
  3 bats
  6 endoplasms
  A giant cockroach (D:4)
  10 goblins
  6 hobgoblins
  11 jackals
  5 kobolds
  9 ball pythons
  4 frilled lizards
  3 rats
75 creatures vanquished.

Notes
Turn   | Place    | Note
-------+----------+-------------------------------------------
     0 | D:1      | freelancePsychic the Octopode Air Elementalist began the
                  | quest for the Orb.
     0 | D:1      | Reached XP level 1. HP: 11/11 MP: 3/3
   129 | D:1      | Reached skill level 3 in Stealth
   232 | D:1      | Reached XP level 2. HP: 17/17 MP: 1/5
   888 | D:1      | Reached XP level 3. HP: 18/21 MP: 6/6
  1305 | D:2      | Found a faded altar of an unknown god.
  2444 | D:3      | Reached skill level 4 in Stealth
  2544 | D:3      | Reached XP level 4. HP: 27/27 MP: 7/7
  2718 | D:4      | Reached skill level 1 in Poison Magic
  3397 | D:4      | Reached skill level 1 in Fighting
  3929 | D:4      | Noticed an ogre
  3956 | D:4      | Learned a level 4 spell: Olgreb's Toxic Radiance
  3983 | D:5      | Entered Level 5 of the Dungeon
  4321 | D:5      | Reached XP level 5. HP: 33/33 MP: 1/8
  4480 | D:5      | Found a sacrificial altar of Ru.
  4484 | D:5      | Found a glowing golden altar of the Shining One.
  4506 | D:5      | Became a worshipper of Ru the Awakened
  4520 | D:5      | Identified the +0 plate armour "Jareireq" {rPois Will+
                  | Str-5}
  4589 | D:5      | Noticed Dowan
  4874 | D:6      | Reached skill level 5 in Stealth
  4923 | D:6      | Found a staircase to the Ecumenical Temple.
  4932 | Temple   | Entered the Ecumenical Temple
  5082 | Temple   | Fell from the grace of Ru
  5082 | Temple   | Became a worshipper of Gozag Ym Sagoz the Greedy
  5123 | D:6      | Found a sparkling altar of Nemelex Xobeh.
  5170 | D:6      | Noticed a komodo dragon
  5191 | D:6      | Reached XP level 6. HP: 38/39 MP: 0/9
  5334 | D:6      | Slain by a komodo dragon

Illustrated notes

Levels and vault maps discovered:
D:1:      lightli_arrival_statuegarden, layout_loops_corners
D:2:      layout_basic, chequers_ecumenical_altar_simple
D:3:      layout_loops_ring
D:4:      layout_cave_pods
D:5:      kennysheep_steamy, layout_loops_ring, grunt_temple_overflow_open,
          uniq_duvessa
D:6:      layout_basic, nemelex_xobeh_ov_fountains_minmay,
          minmay_temple_entry_statues_fountains, serial_curves, eino_curves_04,
          eino_curves_01, eino_curves_04, portal_sewer_entry_d, uniq_maggie
Temple:   nicolae_temple_slightly_damp_pantheon

Skill      XL: |  1  2  3  4  5  6 |
---------------+-------------------+-----
Stealth        | 3 4 5 |  5.3
Poison Magic   | 2 3 4 |  4.0
Fighting       | 1 2 |  2.2
Dodging        | |  2.0
Spellcasting   | |  2.5
Conjurations   | |  1.0
Air Magic      | |  3.5

Action                   |  1- 3 |  4- 6 || total
-------------------------+-------+-------++-------
Melee: Dagger            |    54 |    28 ||    82
       Tentacles         |    11 |     7 ||    18
       Constrict         |    14 |     5 ||    19
       Punch             |     1 |       ||     1
 Cast: Shock             |    37 |    75 ||   112
       Olgreb's Toxic Ra |       |     5 ||     5
  Use: Scroll            |     2 |     3 ||     5
       Potion            |       |     1 ||     1
 Stab: Sleeping          |     8 |     2 ||    10
Armor: Skin              |     1 |     2 ||     3
Dodge: Dodged            |    20 |    32 ||    52

Table legend: (Time is in decaauts)
 A = Elapsed time spent in this place.
 B = Non-inter-level travel time spent in this place.
 C = Inter-level travel time spent in this place.
 D = Time resting spent in this place.
 E = Time spent auto-exploring this place.
 F = Levels seen in this place.
 G = Mean time per level.
                   A        B        C        D        E       F      G
               +--------+--------+--------+--------+--------+-----+--------+
         Total |   5309 |   4926 |    383 |     83 |   4177 |   7 |  758.4 |
       Dungeon |   5145 |   4775 |    370 |     83 |   4049 |   6 |  857.5 |
        Temple |    164 |    151 |     13 |      0 |    128 |   1 |  164.0 |
               +--------+--------+--------+--------+--------+-----+--------+

Top non-repeatable levels by time:
     D:4: 1224 daAuts
     D:1: 1112 daAuts
     D:5: 982 daAuts
     D:2: 841 daAuts
     D:3: 786 daAuts
     D:6: 197 daAuts
  Temple: 164 daAuts
